 Dungeon Crawl Stone Soup version 0.28-a0-1199-gef9e1dbd39 (webtiles) character file.

Game seed: 2536229109409892746

123 ytrimaz the Stinger (level 5, 0/31 HPs)
             Began as an Octopode Venom Mage on Dec 19, 2021.
             Succumbed to an adder's poison
             ... in a sewer.
             The game lasted 00:04:37 (3524 turns).

ytrimaz the Stinger (Octopode Venom Mage)           Turns: 3524, Time: 00:04:38

Health: 0/31       AC:  1    Str:  8    XL:     5   Next: 7%
Magic:  9/9        EV: 13    Int: 19    God:
Gold:   81         SH:  0    Dex: 12    Spells: 2/9 levels left

rFire   . . .      SeeInvis .   (no weapon)
rCold   . . .      Faith    .   (no shield)
rNeg    . . .      Spirit   .   (helmet restricted)
rPois   .          Reflect  .   (no amulet)
rElec   .          Harm     .   d - ring of resist corrosion
rCorr   +          Rampage  .   (no ring)
Will    .....                   (no ring)
Stlth   +++.......              (no ring)
HPRegen 0.10/turn               (no ring)
MPRegen 0.11/turn               (no ring)
                                (no ring)
                                (no ring)

@: lethally poisoned (0 -> -3), invisible
A: almost no armour, amphibious, 8 rings, camouflage 1, gelatinous body 1,
(nimble swimmer 1), tentacles
a: no special abilities


You were in a sewer.
You visited 1 branch of the dungeon, and saw 3 of its levels.
You also visited: Sewer.

You collected 81 gold pieces.

Inventory:

Missiles
 e - a throwing net
Jewellery
 d - a ring of resist corrosion (left tentacle)
 f - an amulet of faith
 g - an amulet of reflection
Wands
 b - a wand of acid (8)
Potions
 a - a potion of resistance


   Skills:
 * Level 2.7 Dodging
 - Level 2.6 Stealth
 + Level 2.8 Spellcasting
 * Level 2.7 Transmutations
 + Level 4.6 Poison Magic


You had 2 spell levels left.
You knew the following spells:

 Your Spells              Type           Power      Damage    Failure   Level
a - Sting                 Tmut/Pois      64%        1d6       3%          1
b - Poisonous Vapours     Pois/Air       22%        N/A       9%          2
c - Olgreb's Toxic Radia  Pois           20%        N/A       22%         4

Your spell library contained the following spells:

 Spells                   Type           Power      Damage    Failure   Level
 Mephitic Cloud           Conj/Pois/Air  8%         N/A       24%         3


Dungeon Overview and Level Annotations

Branches:
Dungeon (3/15)              Sewer (1/1)

Altars:


Innate Abilities, Weirdness & Mutations

You cannot wear most types of armour.
You are amphibious.
You can wear up to eight rings at the same time.
Your skin changes colour to match your surroundings (Stealth+).
Your rubbery body absorbs attacks. (AC +1, EV +1)
((You are camouflaged near water. (Stealth+)))
You have tentacles for arms and can constrict up to eight enemies at once.


Message History

3 adders come into view.
Found a leather armour.
The adder hisses angrily. x3
Found a glowing drain.
Unknown command.
The adder closely misses you. The adder bites you.
The adder closely misses you.
The adder bites you. x2; The adder closely misses you.
The adder bites you.
You are poisoned.
The adder poisons you! The adder closely misses you.
You feel sick. The adder bites you.
You are more poisoned.
The adder poisons you!
You feel sick.
There is a glowing drain here.
You feel sick. The adder closely misses you. The adder bites you. x2
* * * LOW HITPOINT WARNING * * *
The adder completely misses you. The adder bites you.
* * * LOW HITPOINT WARNING * * *
The adder misses you.
The world spins around you as you enter the gateway.
You enter a sewer!
* * * LOW HITPOINT WARNING * * *
You feel sick.
Found a gate leading back out of this place.
There is an empty arch of ancient stone here.
It was a potion of invisibility.
You fade into invisibility!
* * * LOW HITPOINT WARNING * * *
You feel sick. The bat barely misses you.
Unknown command.
Unknown command.
You start putting on your amulet.
You continue putting on your amulet of reflection.
Keep equipping yourself? [Y]es or [N]o only, please.
Keep equipping yourself?
You die...

#####
##.B.#
##r...##
#.....∩#
#......#
#..b@.#
##....#
##.b##
#..#
B..#
##..#
#≈..
#≈≈.


You could see a quokka (asleep), 2 giant cockroaches and 2 bats.

Vanquished Creatures
  A hound (D:3)
  4 gnolls (D:2)
  An adder (D:3)
  A dart slug (D:1)
  6 endoplasms
  A giant cockroach (D:3)
  5 goblins
  2 hobgoblins
  4 ball pythons
  3 bats (D:1)
  4 frilled lizards
  9 kobolds
  6 rats
47 creatures vanquished.

Vanquished Creatures (others)
  11 plants (D:2)
11 creatures vanquished.

Grand Total: 58 creatures vanquished

Notes
Turn   | Place    | Note
-------+----------+-------------------------------------------
     0 | D:1      | ytrimaz the Octopode Venom Mage began the quest for the
                  | Orb.
     0 | D:1      | Reached XP level 1. HP: 11/11 MP: 3/3
   264 | D:1      | Reached skill level 4 in Poison Magic
   264 | D:1      | Reached XP level 2. HP: 17/17 MP: 3/5
  1140 | D:1      | Learned a level 2 spell: Poisonous Vapours
  1264 | D:2      | Reached XP level 3. HP: 14/21 MP: 0/6
  2154 | D:2      | Reached XP level 4. HP: 19/27 MP: 2/7
  2594 | D:2      | Found a faded altar of an unknown god.
  3085 | D:3      | Reached XP level 5. HP: 23/31 MP: 2/9
  3091 | D:3      | Learned a level 4 spell: Olgreb's Toxic Radiance
  3512 | D:3      | Found a glowing drain.
  3522 | Sewer    | Entered a sewer
  3523 | Sewer    | HP: 1/31 [poisoned by an adder]
  3524 | Sewer    | Succumbed to an adder's poison

Illustrated notes

Levels and vault maps discovered:
D:1:      dpeg_arrival_round_b, layout_loops_corners, minmay_tree_intersection,
          hangedman_feature_mirror
D:2:      layout_loops_ring, serial_forest, infiniplex_forest_clump_double,
          infiniplex_forest_end_3, infiniplex_forest_lined_3,
          infiniplex_forest_lined_corner, infiniplex_forest_lined_3,
          infiniplex_forest_3_way, infiniplex_forest_clump_small,
          infiniplex_forest_end_2, infiniplex_forest_zigzag_1,
          hellmonk_ecumenical_altar_crossroads
D:3:      layout_rooms, portal_sewer_entry_b, chequers_serial_rivers_large_b,
          uniq_ijyb
Sewer:    sewer_fruit_machine

Skill      XL: |  1  2  3 |
---------------+----------+-----
Poison Magic   | 4 |  4.6
Transmutations | 2 |  2.7
Dodging        | |  2.7
Stealth        | |  2.6
Spellcasting   | |  2.8

Action                   |  1- 3 |  4- 6 || total
-------------------------+-------+-------++-------
Melee: Unarmed           |    17 |    12 ||    29
       Constrict         |     4 |     1 ||     5
       Tentacles         |     2 |     2 ||     4
 Cast: Sting             |    48 |    20 ||    68
       Poisonous Vapours |     5 |       ||     5
       Olgreb's Toxic Ra |       |     2 ||     2
  Use: Scroll            |     2 |     1 ||     3
       Potion            |       |     1 ||     1
 Stab: Sleeping          |       |     1 ||     1
Armor: Skin              |     2 |     2 ||     4
Dodge: Dodged            |    14 |    28 ||    42

Table legend: (Time is in decaauts)
 A = Elapsed time spent in this place.
 B = Non-inter-level travel time spent in this place.
 C = Inter-level travel time spent in this place.
 D = Time resting spent in this place.
 E = Time spent auto-exploring this place.
 F = Levels seen in this place.
 G = Mean time per level.
                   A        B        C        D        E       F      G
               +--------+--------+--------+--------+--------+-----+--------+
         Total |   3522 |   3443 |     79 |      4 |   2991 |   4 |  880.5 |
       Dungeon |   3520 |   3441 |     79 |      4 |   2991 |   3 | 1173.3 |
         Sewer |      1 |      1 |      0 |      0 |      0 |   1 |    1.0 |
               +--------+--------+--------+--------+--------+-----+--------+

Top non-repeatable levels by time:
     D:2: 1701 daAuts
     D:1: 1157 daAuts
     D:3: 662 daAuts
   Sewer: 1 daAuts
